 Dungeon Crawl Stone Soup version 0.29-a0-973-gac7da5f7f0 (webtiles) character file.

Game seed: 5729242534727423008

15025 Zexes9 the Cleaver (level 11, -2/99 HPs)
             Began as a Minotaur Gladiator on July 31, 2022.
             Was a Priest of Qazlal.
             Slain by an eight-headed hydra (3 damage)
             ... on level 1 of the Lair of Beasts.
             The game lasted 01:53:05 (14075 turns).

Zexes9 the Cleaver (Minotaur Gladiator)            Turns: 14075, Time: 01:53:06

Health: -2/99      AC: 14    Str: 22    XL:     11   Next: 96%
Magic:  13/13      EV: 14    Int:  5    God:    Qazlal [***...]
Gold:   230        SH:  4    Dex: 13    Spells: 10/10 levels left

rFire   + . .      SeeInvis .   V - +6 war axe (spect)
rCold   . . .      Faith    .   m - orb {mayhem}
rNeg    . . .      Spirit   .   T - +0 acid dragon scales
rPois   .          Reflect  .   c - +0 hat
rElec   .          Harm     .   R - +0 cloak
rCorr   +          Rampage  .   D - +0 pair of gloves
Will    .....                   t - +2 pair of boots
Stlth   ++........              (no amulet)
HPRegen 0.26/turn               I - ring of protection from fire
MPRegen 0.13/turn               J - ring of resist corrosion

@: about to teleport
A: horns 2, retaliatory headbutt
a: Renounce Religion, Upheaval, Elemental Force


You were on level 1 of the Lair of Beasts.
You worshipped Qazlal.
Qazlal was most pleased with you.
You visited 3 branches of the dungeon, and saw 13 of its levels.

You collected 559 gold pieces.
You spent 329 gold pieces at shops.

Inventory:

Hand Weapons
 e - a +5 morningstar
 u - a +4 quarterstaff of chaos
 w - a +2 flail of protection
 F - a +0 flail of holy wrath
 H - a +4 spectral club
 P - a +1 broad axe of flaming
 Q - a +3 halberd
 S - the +4 hammer "Viaquo" {vorpal, Will+}
   (You found it on level 7 of the Dungeon)

   It inflicts extra damage upon your enemies.
   Will:      It increases your willpower.
 V - a +6 spectral war axe (weapon)
Missiles
 d - 4 throwing nets
Armour
 c - a +0 hat (worn)
 m - an orb of mayhem (worn)
 t - a +2 pair of boots (worn)
 D - a +0 pair of gloves (worn)
 R - a +0 cloak (worn)
 T - +0 acid dragon scales (worn)
Jewellery
 I - a ring of protection from fire (left hand)
 J - a ring of resist corrosion (right hand)
Wands
 y - a wand of roots (7)
 G - a wand of charming (32)
 M - a wand of flame (19) (quivered)
Scrolls
 a - 3 scrolls of teleportation
 b - 2 scrolls of fog {unknown}
 f - a scroll of poison
 g - a scroll of brand weapon
 j - 5 scrolls of identify
 n - 7 scrolls of noise
 p - 2 scrolls of enchant armour {unknown}
 q - a scroll of silence
 r - 2 scrolls of immolation
 x - 2 scrolls of torment {unknown}
 L - a scroll of vulnerability {unknown}
 N - a scroll of magic mapping {unknown}
 O - 3 scrolls of enchant weapon
 U - 2 scrolls of fear {unknown}
 X - a scroll of amnesia {unknown}
Potions
 h - 3 potions of brilliance
 i - 2 potions of lignification
 k - 4 potions of curing
 l - a potion of flight
 o - a potion of heal wounds
 s - a potion of resistance {unknown}
 v - 4 potions of ambrosia
 z - 2 potions of berserk rage {unknown}
 A - a potion of might {unknown}
 B - a potion of invisibility {unknown}
 C - 2 potions of cancellation
 E - 2 potions of degeneration {unknown}
 K - a potion of haste {unknown}
 Z - 2 potions of mutation {unknown}
Miscellaneous
 W - a tin of tremorstones (1/2)
 Y - a condenser vane (inert)


   Skills:
 + Level 9.8 Fighting
 * Level 12.4(14.2) Axes
 + Level 11.4(13.7) Maces & Flails
 + Level 2.1 Throwing
 + Level 7.7 Armour
 + Level 7.3 Dodging
 - Level 3.9 Stealth
 + Level 2.2 Shields
 * Level 4.0 Invocations
 + Level 2.4 Evocations


You had 10 spell levels left.
You didn't know any spells.
Your spell library contained the following spells:

 Spells                   Type           Power      Damage    Failure   Level
 Apportation              Tloc           0%         N/A       54%         1
 Necrotise                Necr           0%         1d4       54%         1
 Summon Small Mammal      Summ           0%         N/A       54%         1
 Static Discharge         Conj/Air       0%         3-3/arc   69%         2
 Stone Arrow              Conj/Erth      0%         3d7       89%         3
 Animate Armour           Summ/Erth      0%         N/A       100%        4
 Lightning Bolt           Conj/Air       0%         1d11      100%        5
 Lehudib's Crystal Spear  Conj/Erth      0%         10d2      100%        8
 Maxwell's Capacitive Co  Air            0%         ∞         100%        8


Dungeon Overview and Level Annotations

Branches:
Dungeon (11/15)            Temple (1/1) D:6            Lair (1/5) D:11
    Orc: D:9-12

Altars:
Ashenzari
Cheibriados
Dithmenos
Elyvilon
Fedhas
Gozag
Hepliaklqana
Kikubaaqudgha
Makhleb
Nemelex Xobeh
Okawaru
Qazlal
Ru
Sif Muna
Trog
Uskayaw
Vehumet
Wu Jian
Xom
Yredelemnul
Zin
The Shining One

Shops:
D:4 !   D:7 ?


Innate Abilities, Weirdness & Mutations

You have a pair of horns on your head.
You reflexively headbutt those who attack you in melee.


Message History

The eight-headed hydra attacks as you move away!
The eight-headed hydra barely misses you.
You furiously retaliate!
You headbutt the eight-headed hydra! The eight-headed hydra bites you.
The eight-headed hydra bites you but does no damage.
The eight-headed hydra bites you!
The eight-headed hydra barely misses you.
The eight-headed hydra bites you but does no damage. x3
As you read the scroll of teleportation, it crumbles to dust.
You feel strangely unstable.
The eight-headed hydra is struck by lightning.
The eight-headed hydra bites you.
The eight-headed hydra bites you but does no damage.
The eight-headed hydra closely misses you.
The eight-headed hydra bites you but does no damage.
You block the eight-headed hydra's attack.
The eight-headed hydra closely misses you.
The eight-headed hydra misses you. The eight-headed hydra bites you.
The eight-headed hydra attacks as you move away!
The eight-headed hydra bites you. The eight-headed hydra bites you!
The eight-headed hydra completely misses you.
The eight-headed hydra barely misses you.
The eight-headed hydra bites you but does no damage.
The eight-headed hydra bites you.
* * * LOW HITPOINT WARNING * * *
The eight-headed hydra bites you!
* * * LOW HITPOINT WARNING * * *
The eight-headed hydra bites you!
* * * LOW HITPOINT WARNING * * *
Found 2 stones.
The eight-headed hydra attacks as you move away!
The eight-headed hydra bites you but does no damage.
The eight-headed hydra bites you!
* * * LOW HITPOINT WARNING * * *
The eight-headed hydra bites you.
* * * LOW HITPOINT WARNING * * *
The eight-headed hydra misses you. The eight-headed hydra bites you.
* * * LOW HITPOINT WARNING * * *
The eight-headed hydra bites you.
You die...

....).........................#
.#.#.#.#...#.###..............#
..............................#
..............................#
.........(.(..................#
.#.#.#....P(............#.#.#..
. ..P..................# #
(........#.##........# .
.......@.............# .
.....##☼D#........... .
....................
.............#..###
.................. .
...)...$.......... #
.................. #
##................ .
................


You could see an eight-headed hydra.

Vanquished Creatures
  The ghost of sastreii the Fencer, a journeyman VSFi of Trog (D:11)
  3 two-headed ogres
  Nergalle (Lair:1)
  Joseph (D:7)
  Maggie (D:7)
  A kobold demonologist (D:10)
  A komodo dragon (D:10)
  A polar bear (D:10)
  A troll (D:11)
  3 hornets
  Grinder (D:5)
  Sigmund (D:5)
  A vampire (D:11)
  2 wyverns
  17 yaks
  An unseen horror simulacrum (D:10)
  A steam dragon (D:7)
  Menkaure (D:6)
  Edmund (D:5)
  3 acid dragons
  A black bear (D:6)
  2 orc warriors
  2 sky beasts
  8 ice beasts
  3 wolves
  7 centaurs
  4 kobold brigands
  3 bullfrogs
  Blork the orc (D:4)
  2 gnoll sergeants
  3 scorpions
  12 wights
  9 killer bees
  4 howler monkeys
  A jelly (D:5)
  2 hounds
  4 orc priests
  Crazy Yiuf (D:7)
  Ijyb (D:5)
  4 orc wizards
  Robin (D:2)
  4 gnolls
  7 adders
  2 white imps (D:10)
  An ufetubus (D:4)
  A worm (D:4)
  4 dart slugs
  15 orcs
  7 endoplasms
  9 giant cockroaches
  16 goblins
  8 hobgoblins
  22 kobolds
  7 quokkas
  7 ball pythons
  10 bats
  4 frilled lizards
  6 rats
248 creatures vanquished.

Vanquished Creatures (collateral kills)
  A boulder beetle (D:11)
  A yak (D:11)
  Grum (D:9)
  A wolf (D:9)
  A necrophage (D:7)
  2 wights (D:8)
  A killer bee (D:11)
  2 orc wizards (D:6)
  A gnoll (D:6)
  A worm (D:3)
  5 orcs
  5 giant cockroaches
  2 goblins (D:2)
  A hobgoblin (D:2)
  3 kobolds
  3 ball pythons
31 creatures vanquished.

Vanquished Creatures (others)
  A queen bee (D:11)
  A hornet (D:11)
  A yak (D:8)
  2 killer bees (D:9)
  A gnoll (D:6)
  An ufetubus (D:10)
  4 fungi
  4 plants
15 creatures vanquished.

Grand Total: 294 creatures vanquished

Notes
Turn   | Place    | Note
-------+----------+-------------------------------------------
     0 | D:1      | Zexes9 the Minotaur Gladiator began the quest for the Orb.
     0 | D:1      | Reached XP level 1. HP: 18/18 MP: 0/0
    60 | D:1      | Reached XP level 2. HP: 20/25 MP: 1/1
    65 | D:1      | Found a faded altar of an unknown god.
   399 | D:1      | Reached skill level 4 in Axes
   680 | D:1      | Reached XP level 3. HP: 30/30 MP: 2/2
  1111 | D:2      | Reached skill level 1 in Armour
  1188 | D:2      | Reached XP level 4. HP: 25/38 MP: 3/3
  1432 | D:2      | Noticed Robin
  1453 | D:2      | Killed Robin
  1556 | D:2      | Found a white marble altar of Elyvilon.
  2181 | D:3      | Reached skill level 5 in Axes
  2255 | D:3      | Reached XP level 5. HP: 36/45 MP: 4/4
  2737 | D:3      | Found a snail-covered altar of Cheibriados.
  2915 | D:3      | Found a stormy altar of Qazlal.
  2922 | D:3      | Became a worshipper of Qazlal Stormbringer
  3015 | D:3      | Found a sparkling altar of Nemelex Xobeh.
  3047 | D:3      | Found a bloodstained altar of Trog.
  3270 | D:4      | Reached skill level 1 in Maces & Flails
  3398 | D:4      | Reached skill level 1 in Stealth
  3398 | D:4      | Reached XP level 6. HP: 43/52 MP: 5/5
  3452 | D:4      | Found Soim's Distillery.
  3464 | D:4      | Bought a potion of heal wounds for 55 gold pieces
  3464 | D:4      | Bought a potion of curing for 33 gold pieces
  3466 | D:4      | Bought a potion of curing for 33 gold pieces
  3466 | D:4      | Bought a potion of curing for 33 gold pieces
  3610 | D:4      | Found a glowing silver altar of Zin.
  4130 | D:4      | Noticed Blork the orc
  4136 | D:4      | Killed Blork the orc
  4361 | D:5      | Entered Level 5 of the Dungeon
  4397 | D:5      | Reached skill level 6 in Axes
  4397 | D:5      | Reached XP level 7. HP: 34/59 MP: 6/6
  4559 | D:5      | Found a radiant altar of Vehumet.
  4723 | D:5      | Noticed Edmund
  4735 | D:5      | Killed Edmund
  4837 | D:5      | Found a hazy altar of Hepliaklqana.
  4842 | D:5      | Noticed Sigmund
  4856 | D:5      | Killed Sigmund
  4857 | D:5      | Reached skill level 5 in Dodging
  4875 | D:5      | Noticed Ijyb
  4887 | D:5      | Killed Ijyb
  4890 | D:5      | Reached skill level 5 in Fighting
  5027 | D:5      | Noticed Grinder
  5029 | D:5      | Paralysed by Grinder for 4 turns
  5037 | D:5      | Killed Grinder
  5038 | D:5      | Reached skill level 5 in Maces & Flails
  5038 | D:5      | Reached XP level 8. HP: 68/68 MP: 7/7
  5086 | D:5      | Found a sacrificial altar of Ru.
  5213 | D:6      | Noticed Menkaure
  5216 | D:6      | Reached * piety under Qazlal
  5222 | D:6      | Reached skill level 5 in Armour
  5231 | D:6      | Killed Menkaure
  5232 | D:6      | Found a staircase to the Ecumenical Temple.
  5292 | Temple   | Entered the Ecumenical Temple
  5292 | Temple   | Found a transporter.
  5292 | Temple   | Found a transporter.
  5294 | Temple   | Found a transporter.
  5294 | Temple   | Found a transporter.
  5723 | D:6      | Found an opulent altar of Gozag.
  6296 | D:7      | Noticed Joseph
  6431 | D:6      | Reached XP level 9. HP: 74/78 MP: 8/8
  6852 | D:7      | Reached ** piety under Qazlal
  7120 | D:7      | Killed Joseph
  7262 | D:7      | Found Caismuh's Magic Scroll Shoppe.
  7274 | D:7      | Bought a scroll of identify for 26 gold pieces
  7274 | D:7      | Bought a scroll of identify for 26 gold pieces
  7274 | D:7      | Bought a scroll of identify for 26 gold pieces
  7274 | D:7      | Bought a scroll of enchant weapon for 97 gold pieces
  7285 | D:7      | Noticed Maggie
  7300 | D:7      | Killed Maggie
  7745 | D:7      | Reached skill level 1 in Shields
  7855 | D:7      | Reached skill level 1 in Evocations
  8040 | D:7      | Found a runed translucent door.
  8041 | D:7      | Noticed Crazy Yiuf
  8043 | D:7      | Identified the +4 hammer "Viaquo" {vorpal, Will+}
  8046 | D:7      | Killed Crazy Yiuf
  8187 | D:8      | Noticed a two-headed ogre
  8198 | D:8      | Killed a two-headed ogre
  8199 | D:8      | Reached skill level 10 in Maces & Flails
  8199 | D:8      | Reached XP level 10. HP: 65/88 MP: 5/9
  8610 | D:8      | Reached skill level 1 in Invocations
  9562 | D:9      | Paralysed by a hornet for 3 turns
 10017 | D:9      | Reached skill level 7 in Axes
 10180 | D:9      | Noticed Grum
 10191 | D:9      | Killed Grum
 10195 | D:9      | Reached skill level 8 in Axes
 10507 | D:9      | Found a white marble altar of Elyvilon.
 11185 | D:10     | Entered Level 10 of the Dungeon
 11313 | D:10     | Noticed a smoke demon
 11314 | D:10     | Reached XP level 11. HP: 97/97 MP: 10/10
 11585 | D:10     | Found a broken altar of Ashenzari.
 11721 | D:10     | Reached skill level 9 in Axes
 11808 | D:10     | Noticed a two-headed ogre
 11809 | D:10     | Reached *** piety under Qazlal
 11815 | D:10     | Killed a two-headed ogre
 12237 | D:10     | Reached skill level 10 in Axes
 12632 | D:11     | Noticed sastreii's ghost (journeyman VSFi)
 12641 | D:11     | Found a transporter.
 12645 | D:11     | Found a transporter.
 12675 | D:11     | Killed sastreii's ghost
 12982 | D:11     | Noticed a two-headed ogre
 12988 | D:11     | Killed a two-headed ogre
 13085 | D:11     | Reached skill level 11 in Axes
 13115 | D:11     | Noticed a boulder beetle
 13130 | D:11     | Killed a boulder beetle
 13416 | D:11     | Reached skill level 12 in Axes
 13606 | D:11     | Found a staircase to the Lair.
 13620 | Lair:1   | Entered Level 1 of the Lair of Beasts
 13658 | Lair:1   | Paralysed by a hornet for 1 turns
 13930 | Lair:1   | Noticed Nergalle
 13942 | Lair:1   | Killed Nergalle
 14062 | Lair:1   | Noticed a five-headed hydra
 14075 | Lair:1   | HP: 3/99 [eight-headed hydra (3)]
 14075 | Lair:1   | HP: 1/99 [eight-headed hydra (2)]
 14075 | Lair:1   | Slain by an eight-headed hydra

Illustrated notes

Levels and vault maps discovered:
D:1:      dpeg_arrival_subterranean_lakeside_camping, layout_loops_cross,
          dreamdust_ecumenical_altar_grove
D:2:      minmay_skewed_foursquare, layout_rooms, basic_altar,
          grunt_decor_one_mirror, uniq_robin
D:3:      minmay_roachtagon, layout_loops_ring, mainiacjoe_overflow_swirl,
          marbit_many_paths, nicolae_qazlal_eye_of_the_storm
D:4:      layout_basic, kennysheep_mini, serial_shops,
          nicolae_shop_hallway_plus, uniq_blork_the_orc
D:5:      layout_cave_pools, kennysheep_mini_moat, nicolae_ru_path_of_blood,
          nicolae_vehumet_altar_sigil, minmay_misc_feat_pillars,
          kennysheep_decorative_pillar, uniq_sigmund, uniq_grinder, uniq_edmund,
          uniq_ijyb
D:6:      layout_basic, lemuel_round_altar, minmay_temple_entry_ruins,
          kennysheep_generic_room_3, uniq_menkaure
D:7:      layout_layer_cave, serial_glass, glass_columns_c, glass_columns_a,
          glass_columns_b, glass_columns_b, serial_shops, nicolae_square_shop,
          uniq_crazy_yiuf_cottage, uniq_joseph, uniq_maggie
D:8:      layout_loops_ring
D:9:      layout_stronghold, mainiacjoe_overflow_alcove_4,
          reono_crystal_passage, roderic_lattice_a, uniq_grum
D:10:     layout_gridville, nicolae_ashenzari_skybound, serial_ice,
          serial_ice_f, serial_ice_a, serial_ice_m, serial_ice_e
D:11:     layout_cave_pools, lair_entry_dummy, gammafunk_ghost_hive,
          serial_park_tiny_1
Temple:   hellmonk_temple_divided_pantheon
Lair:1:   layout_long_grid, serial_bayou_shore_a, lemuel_fruit_tree,
          grunt_megastairs_1, uniq_nergalle

Skill      XL: |  1  2  3  4  5  6  7  8  9 10 11 |
---------------+----------------------------------+-----
Axes           | 4 5 6 8 12 | 12.4
Fighting       | 3 4 5 6 7 9 |  9.8
Armour         | 1 2 3 4 5 6 7 |  7.7
Dodging        | 4 5 6 7 |  7.3
Maces & Flails | 1 2 5 7 10 11 | 11.4
Stealth        | 1 3 |  3.9
Shields        | 1 2 |  2.2
Evocations     | 1 2 |  2.4
Invocations    | 1 4 |  4.0
Throwing       | |  2.1

Action                   |  1- 3 |  4- 6 |  7- 9 | 10-12 || total
-------------------------+-------+-------+-------+-------++-------
Melee: War axe           |    84 |    58 |       |   137 ||   279
       Headbutt          |    10 |    15 |    49 |    45 ||   119
       Whip              |       |    34 |       |       ||    34
       Flail             |       |    33 |    30 |       ||    63
       Club              |       |       |   136 |    62 ||   198
Invok: Upheaval          |       |       |     2 |     5 ||     7
Evoke: Wand              |       |       |     4 |    12 ||    16
       Tin of tremorston |       |       |       |     1 ||     1
       Condenser vane    |       |       |       |     1 ||     1
  Use: Potion            |     1 |       |     5 |     3 ||     9
       Scroll            |       |     2 |     7 |     5 ||    14
 Stab: Distracted        |       |     1 |     2 |    10 ||    13
       Sleeping          |       |     1 |       |       ||     1
Armor: Leather armour    |    16 |    24 |       |       ||    40
       Ring mail         |       |    22 |    50 |       ||    72
       Steam dragon scal |       |       |     5 |       ||     5
       Acid dragon scale |       |       |       |    55 ||    55
Dodge: Dodged            |    57 |    95 |   100 |   115 ||   367
Block: Orb               |       |       |     8 |    20 ||    28

Table legend: (Time is in decaauts)
 A = Elapsed time spent in this place.
 B = Non-inter-level travel time spent in this place.
 C = Inter-level travel time spent in this place.
 D = Time resting spent in this place.
 E = Time spent auto-exploring this place.
 F = Levels seen in this place.
 G = Mean time per level.
                   A        B        C        D        E       F      G
               +--------+--------+--------+--------+--------+-----+--------+
         Total |  14089 |  13368 |    721 |   4644 |   5720 |  13 | 1083.8 |
       Dungeon |  13549 |  12828 |    721 |   4400 |   5591 |  11 | 1231.7 |
        Temple |     88 |     88 |      0 |      0 |      0 |   1 |   88.0 |
          Lair |    451 |    451 |      0 |    244 |    129 |   1 |  451.0 |
               +--------+--------+--------+--------+--------+-----+--------+

Top non-repeatable levels by time:
     D:9: 1895 daAuts
     D:7: 1699 daAuts
    D:10: 1413 daAuts
     D:2: 1217 daAuts
     D:6: 1200 daAuts
     D:4: 1169 daAuts
     D:8: 1121 daAuts
     D:3: 1091 daAuts
    D:11: 1015 daAuts
     D:1: 927 daAuts
     D:5: 797 daAuts
  Lair:1: 451 daAuts
  Temple: 88 daAuts
